 Dungeon Crawl Stone Soup version 0.18-a0-1800-gdc7a371 (webtiles) character file.

190443 aurelian the Devastator (level 18, -9/106 HPs)
             Began as a Tengu Conjurer on Apr 23, 2016.
             Was the Champion of Vehumet.
             Hit by a tomahawk thrown by a merfolk (14 damage)
             ... on level 4 of the Shoals on Apr 24, 2016.
             The game lasted 04:02:39 (62957 turns).

aurelian the Devastator (Tengu Conjurer)           Turns: 62957, Time: 04:02:40

Health: -9/106     AC: 13    Str: 18    XL:     18   Next: 61%
Magic:  6/50       EV: 26    Int: 25    God:    Vehumet [******]
Gold:   258        SH:  6    Dex: 20    Spells: 11 memorised, 5 levels left

rFire  + . .     SeeInvis +     a - +8 long sword of Moyriy {venom, Int+3}
rCold  . . .     Gourm    +     d - +1 ring mail of Xeemagi {rN+ Str+2 Dex+4}
rNeg   + . .     Faith    .     C - +0 buckler
rPois  .         Spirit   .     R - +2 hat
rElec  .         Dismiss  .     z - +1 cloak "Venudig" {Str+7 SInv}
rCorr  .         Reflect  .     q - +0 pair of gloves {rF+}
SustAt .         Harm     .     (boots unavailable)
MR     +....                    J - amulet of the gourmand
Stlth  +++++.....               W - ring of magical power
                                n - ring of stealth

@: flying quickly and evasively, quick, somewhat resistant to hostile
enchantments, quite stealthy
A: beak, talons 3, high mp 1, able to fly 2
a: Stop Flying, Renounce Religion


You were on level 4 of the Shoals.
You worshipped Vehumet.
Vehumet was exalted by your worship.
You were not hungry.

You visited 6 branches of the dungeon, and saw 34 of its levels.
You visited 1 bazaar.
You also visited: Volcano.

You collected 3140 gold pieces.
You spent 2882 gold pieces at shops.

Inventory:

Hand Weapons
 a - the +8 long sword of Moyriy (weapon) {venom, Int+3}
   (You found it on level 8 of the Lair of Beasts)

   It poisons the flesh of those it strikes.
   It affects your intelligence (+3).
Armour
 d - the +1 ring mail of Xeemagi (worn) {rN+ Str+2 Dex+4}
   (You found it on level 2 of the Snake Pit)

   It affects your strength (+2).
   It affects your dexterity (+4).
   It protects you from negative energy.
 q - a +0 pair of gloves of fire resistance (worn)
 s - a +2 ring mail of magic resistance
 z - the +1 cloak "Venudig" (worn) {Str+7 SInv}
   (You bought it in a shop on level 1 of the Snake Pit)

   It affects your strength (+7).
   It lets you see invisible.
 C - a +0 buckler (worn)
 R - a +2 hat (worn)
 V - a +2 robe of fire resistance
Magical Staves
 b - an uncursed staff of fire
Jewellery
 j - an uncursed ring of protection from magic
 n - a ring of stealth (left hand)
 E - an uncursed ring of protection from cold
 G - an uncursed ring of protection from fire
 J - an amulet of the gourmand (around neck)
 M - an uncursed ring of wizardry
 S - an uncursed ring of ice
 T - an uncursed ring of poison resistance
 W - a ring of magical power (right hand)
Wands
 I - a wand of digging (22/24)
Scrolls
 e - 5 scrolls of fog
 h - 8 scrolls of amnesia
 i - 11 scrolls of remove curse
 l - 5 scrolls of enchant armour
 u - 5 scrolls of recharging
 w - a scroll of magic mapping
 y - 4 scrolls of enchant weapon
 B - 4 scrolls of identify
 H - 3 scrolls of brand weapon
 Q - a scroll of teleportation
 Y - a scroll of silence
Potions
 f - 3 potions of agility
 k - a potion of ambrosia
 m - a potion of lignification
 p - 7 potions of curing
 t - 2 potions of cure mutation
 D - 5 potions of berserk rage
 F - 5 potions of brilliance
 O - 5 potions of resistance
 U - 3 potions of cancellation
Books
 r - a book of Debilitation

   Spells                             Type                      Level
   a - Corona                         Hexes                        1
   b - Slow                           Hexes                        2
   c - Gell's Gravitas                Hexes/Translocation          3
   d - Inner Flame                    Hexes/Fire                   3
   e - Cause Fear                     Hexes                        4
   f - Leda's Liquefaction            Hexes/Earth                  4
 K - a book of Geomancy

   Spells                             Type                      Level
   a - Sandblast                      Earth                        1
   b - Passwall                       Transmutation/Earth          2
   c - Stone Arrow                    Conjuration/Earth            3
   d - Petrify                        Transmutation/Earth          4
   e - Lee's Rapid Deconstruction     Earth                        5
 N - a book of Minor Magic

   Spells                             Type                      Level
   a - Magic Dart                     Conjuration                  1
   b - Blink                          Translocation                2
   c - Call Imp                       Summoning                    2
   d - Repel Missiles                 Charms/Air                   2
   e - Slow                           Hexes                        2
   f - Conjure Flame                  Conjuration/Fire             3
   g - Mephitic Cloud                 Conjuration/Poison/Air       3
 P - a book of Enchantments

   Spells                             Type                      Level
   a - Cause Fear                     Hexes                        4
   b - Yara's Violent Unravelling     Hexes/Transmutation          5
   c - Silence                        Hexes/Air                    5
   d - Deflect Missiles               Charms/Air                   6
   e - Haste                          Charms                       6
   f - Discord                        Hexes                        8
 X - a book of Power

   Spells                             Type                      Level
   a - Fulminant Prism                Conjuration/Hexes            4
   b - Iskenderun's Mystic Blast      Conjuration                  4
   c - Venom Bolt                     Conjuration/Poison           5
   d - Bolt of Magma                  Conjuration/Fire/Earth       5
   e - Iron Shot                      Conjuration/Earth            6
   f - Orb of Destruction             Conjuration                  7
   g - Spellforged Servitor           Conjuration/Summoning        7
 Z - a book of Necromancy

   Spells                             Type                      Level
   a - Pain                           Necromancy                   1
   b - Animate Skeleton               Necromancy                   1
   c - Vampiric Draining              Necromancy                   3
   d - Regeneration                   Charms/Necromancy            3
   e - Animate Dead                   Necromancy                   4
   f - Control Undead                 Necromancy                   4
Comestibles
 c - 22 bread rations
 g - 43 fruits
 o - 4 slices of pizza
 v - 9 beef jerkies
 x - 15 meat rations
 A - 2 royal jellies


   Skills:
 + Level 9.6 Fighting
 - Level 8.7 Armour
 + Level 12.9 Dodging
 - Level 8.3 Stealth
 - Level 4.0 Shields
 + Level 14.5 Spellcasting
 + Level 20.9 Conjurations
 - Level 4.0 Charms
 - Level 2.0 Translocations
 - Level 6.0 Fire Magic
 + Level 15.7 Air Magic


You had 5 spell levels left.
You knew the following spells:

 Your Spells              Type           Power        Failure   Level  Hunger
a - Magic Dart            Conj           ####         0%          1    None
b - Airstrike             Air            #######...   1%          4    None
c - Iskenderun's Mystic   Conj           #######.     0%          4    None
d - Dazzling Spray        Conj/Hex       ######..     1%          3    None
e - Iskenderun's Battles  Conj/Chrm      ######..     1%          5    ##.....
f - Searing Ray           Conj           ######       0%          2    None
g - Fireball              Conj/Fire      ######....   1%          5    ##.....
h - Freezing Cloud        Conj/Ice/Air   ######....   2%          6    ####...
i - Blink                 Tloc           N/A          3%          2    None
j - Repel Missiles        Chrm/Air       ######       1%          2    None
k - Orb of Destruction    Conj           #######...   1%          7    ######.


Dungeon Overview and Level Annotations

Branches:
Dungeon (15/15)            Temple (1/1) D:4            Lair (8/8) D:10
 Shoals (4/4) Lair:4        Snake (4/4) Lair:6        Slime (0/6) Lair:7
    Orc (2/2) D:12            Elf (0/3) Orc:2        Vaults (0/5) D:13
 Depths (0/5) D:15

Altars:
Ashenzari
Cheibriados
Dithmenos
Elyvilon
Fedhas
Gozag
Kikubaaqudgha
Makhleb
Nemelex Xobeh
Okawaru
Pakellas
Qazlal
Ru
Sif Muna
Trog
Vehumet
Xom
Yredelemnul
Zin
The Shining One
Beogh
Jiyva

Shops:
D:13 *   Orc:1 !   Orc:2 (:*:   Snake:1 *

Annotations:
Lair:3 Rupert
Lair:7 1 runed door


Innate Abilities, Weirdness & Mutations

You have a beak for a mouth.
You have claws for feet.
You can fly continuously.
You have an increased reservoir of magic (+10% MP).


Message History

Drink which item? (? for menu, Esc to quit)
Okay, then.
Casting: Magic Dart
Confirm with . or Enter, or press ? or * to list all spells.
Aiming: Iskenderun's Mystic Blast
Press: ? - help, Shift-Dir - straight line, f/p - water nymph
Aim: a water nymph (heavily wounded)
The orb of energy hits the water nymph.
You kill the water nymph!
Vehumet accepts your kill.
You feel your power returning.
Your battlesphere fires!
The snapping turtle is engulfed in freezing vapours.
The snapping turtle seems to slow down.
A snapping turtle comes into view.
The snapping turtle is engulfed in freezing vapours.
The snapping turtle seems to slow down.
A harpy comes into view.
The merfolk throws a tomahawk.
The tomahawk hits you!
You die...

≈≈≈≈≈≈≈≈≈≈≈%≈≈≈≈≈≈≈....##....?§§§
≈≈≈≈≈≈≈≈≈≈≈≈≈≈≈≈≈≈............§§§
≈≈≈≈≈≈≈≈≈≈≈≈≈.≈≈≈≈≈...........§§#
≈≈≈≈≈≈≈≈≈≈≈≈≈≈≈≈.##.≈H...........
≈≈≈≈≈≈≈≈≈≈≈≈≈≈≈≈..##m≈.≈...≈.....
≈≈≈≈≈≈≈≈≈≈≈(≈≈≈≈.)..≈≈≈m.≈≈≈≈.≈≈.
≈≈≈≈≈≈≈≈≈≈≈≈≈≈≈≈≈..≈≈<≈≈≈≈Y≈≈≈≈≈#
≈≈≈≈≈≈≈≈≈≈≈≈≈≈≈*≈).≈≈≈≈C≈≈≈≈≈≈≈≈#
≈≈≈≈≈≈≈≈≈≈≈†≈≈≈≈@<§§§≈≈≈≈≈≈≈≈≈≈≈#
≈≈≈≈≈≈≈≈≈≈≈)≈≈≈≈≈(§§§≈≈≈≈≈≈≈≈≈≈≈#
≈≈≈≈≈≈≈≈≈≈≈≈≈≈≈≈≈≈t§≈≈≈≈≈≈≈≈≈≈≈
≈≈≈≈≈≈≈≈≈≈≈≈≈≈≈≈≈≈≈≈≈≈≈≈≈≈≈≈≈≈
≈≈≈≈≈≈≈≈≈≈≈≈≈≈≈≈≈≈≈≈≈≈≈≈≈≈≈≈≈
≈≈≈≈≈≈≈≈≈≈≈≈≈≈≈≈≈≈≈≈≈≈≈≈≈≈≈≈
≈≈≈≈≈≈≈≈≈≈≈≈≈≈≈≈≈≈≈≈≈≈≈≈≈≈≈
≈≈≈≈≈≈≈≈≈≈≈≈≈≈≈≈≈≈≈≈≈≈≈≈≈
###############


You could see a merfolk javelineer (wandering), a snapping turtle, a merfolk, a
cyclops (wandering), a harpy and a friendly battlesphere.

Vanquished Creatures
  A kraken (Shoals:2)
  Gastronok (Lair:3)
  Agnes (Snake:3)
  Aizul (Snake:3)
  A fire giant (D:15)
  An orc warlord (Orc:2)
  The ghost of edsrzf the Devastator, a journeyman TeFE of Cheibriados (D:13)
  4 vault guards (D:13)
  Josephine (D:14)
  Snorg (D:10)
  2 merfolk impalers (Shoals:1)
  7 naga warriors
  Harold (Lair:2)
  A rakshasa (D:15)
  9 hydras
  Fannar (Lair:2)
  5 merfolk aquamancers
  2 alligator snapping turtles
  2 catoblepae
  The ghost of Arglure the Destroyer, a journeyman TeCj of Vehumet (D:12)
  13 anacondas
  15 death yaks
  3 centaur warriors (D:15)
  A merfolk avatar (Shoals:2)
  3 satyrs
  4 shock serpents
  Nergalle (D:10)
  Sonja (D:14)
  2 naga sharpshooters (Snake:2)
  A salamander mystic (Snake:2)
  3 skeletal warriors (D:14)
  9 sea snakes
  4 unseen horrors
  A wolf spider zombie (D:14)
  4 naga ritualists
  5 deep elf magi
  3 hill giants
  An orc knight (D:12)
  18 harpies
  12 orc sorcerers
  6 salamanders
  3 fauns (Shoals:2)
  5 mana vipers
  4 griffons
  3 ugly things
  9 cyclopes
  A wolf spider (D:14)
  3 toenail golems (Volcano)
  8 manticores
  3 sirens
  9 naga magi
  4 guardian serpents
  Joseph (D:10)
  22 elephants
  34 black mambas
  3 torpor snails
  3 water nymphs
  3 gargoyles
  16 spiny frogs
  A rime drake (Lair:6)
  6 centaur skeletons
  A yaktaur (Shoals:2)
  4 komodo dragons
  The ghost of mad the Bolt Thrower, a novice KoHu of Okawaru (D:5)
  2 efreet (D:15)
  2 spriggan druids (Lair:8)
  21 merfolk
  A queen bee (shapeshifter) (D:13)
  5 two-headed ogres
  2 wind drakes
  13 trolls
  Grinder (D:5)
  11 polar bears (Lair:8)
  6 slime creatures (D:13)
  15 blink frogs
  8 snapping turtles
  A centaur simulacrum (D:14)
  4 redbacks (Lair:8)
  2 vampires
  A shadow (D:15)
  64 yaks
  15 water elementals
  Sigmund (D:5)
  10 spriggans (Lair:8)
  5 wraiths
  2 basilisks
  6 humans (Volcano)
  Grum (D:8)
  9 hippogriffs
  A wyvern (D:8)
  5 hungry ghosts
  3 mottled dragons
  Edmund (D:5)
  4 vampire mosquitoes (D:9)
  10 wargs (Orc:2)
  32 nagas
  A soldier ant (D:11)
  2 hell hounds (D:10)
  The ghost of ribblle the Ruffian, an amateur VSTm of Nemelex Xobeh (D:4)
  16 water moccasins
  16 orc warriors
  14 porcupines
  2 sky beasts
  3 eyes of draining
  4 ice beasts
  5 black bears
  4 wasps
  3 necrophages (D:8)
  5 phantoms
  24 wolves
  10 ogres
  16 crocodiles
  10 centaurs
  2 big kobolds
  27 giant frogs
  6 scorpions
  2 wyvern skeletons
  2 troll zombies (D:12)
  A water moccasin skeleton (D:11)
  6 howler monkeys
  21 wights
  4 electric eels
  6 crimson imps
  6 centaur zombies
  4 jellies
  2 giant frog zombies
  3 quasits
  A wasp zombie (D:8)
  3 giant frog skeletons
  12 hounds
  22 orc priests
  48 orc wizards
  Crazy Yiuf (D:2)
  A gnoll shaman (D:8)
  9 iguanas
  Ijyb (D:2)
  15 worker ants
  15 sheep
  A killer bee zombie (D:6)
  4 ogre zombies (D:12)
  2 hound zombies
  A hound skeleton (D:7)
  A howler monkey zombie (D:7)
  12 adders
  10 gnolls
  A worker ant zombie (D:6)
  64 river rats
  3 shadow imps
  An ooze (D:5)
  An adder zombie (D:6)
  2 adder skeletons
  A worm (D:2)
  5 giant geckos
  81 orcs
  6 giant cockroaches
  5 goblins
  6 hobgoblins
  9 jackals
  19 kobolds
  8 quokkas
  3 ball pythons
  4 bats
  6 giant newts
  A goblin skeleton (D:12)
  2 hobgoblin skeletons (D:12)
  A hobgoblin zombie (D:12)
  2 jackal zombies
  15 orc zombies (D:12)
  6 rats
  2 butterflies (Lair:8)
  7 fungi
  19 plants
  A tentacle (Shoals:2)
1233 creatures vanquished.

Vanquished Creatures (others)
  A blink frog (Lair:4)
  A crocodile (Lair:4)
  37 fungi
  32 plants
  7 tentacles (Shoals:2)
  307 tentacle segments (Shoals:2)
385 creatures vanquished.

Grand Total: 1618 creatures vanquished

Notes
Turn   | Place    | Note
--------------------------------------------------------------
     0 | D:1      | aurelian the Tengu Conjurer began the quest for the Orb.
     0 | D:1      | Reached XP level 1. HP: 10/10 MP: 4/4
   459 | D:1      | Reached XP level 2. HP: 15/15 MP: 1/6
   664 | D:1      | Learned a level 2 spell: Searing Ray
   959 | D:2      | Reached XP level 3. HP: 19/19 MP: 5/7
  1270 | D:2      | Reached XP level 4. HP: 18/24 MP: 2/9
  1359 | D:2      | Reached skill level 6 in Conjurations
  1582 | D:2      | Noticed Ijyb
  1804 | D:2      | Killed Ijyb
  1804 | D:2      | Gained mutation: You can fly. [Tengu growth]
  1804 | D:2      | Reached XP level 5. HP: 27/28 MP: 0/10
  2840 | D:3      | Reached XP level 6. HP: 32/32 MP: 9/12
  2868 | D:3      | Learned a level 4 spell: Iskenderun's Mystic Blast
  2872 | D:3      | Learned a level 3 spell: Dazzling Spray
  3275 | D:4      | Found a staircase to the Ecumenical Temple.
  3280 | D:4      | Noticed ribblle's ghost (amateur VSTm)
  3314 | Temple   | Entered the Ecumenical Temple
  3331 | Temple   | Became a worshipper of Vehumet
  3495 | D:4      | Reached skill level 7 in Conjurations
  3669 | D:5      | Entered Level 5 of the Dungeon
  3715 | D:5      | Noticed Sigmund
  3725 | D:5      | Killed Sigmund
  3904 | D:5      | Reached XP level 7. HP: 36/36 MP: 8/14
  4033 | D:5      | Reached skill level 8 in Conjurations
  4569 | D:5      | Reached skill level 5 in Spellcasting
  4762 | D:5      | Noticed mad's ghost (novice KoHu)
  4841 | D:6      | Found a shimmering altar of Xom.
  5107 | D:6      | Found an ancient bone altar of Kikubaaqudgha.
  5367 | D:6      | Reached skill level 9 in Conjurations
  5367 | D:6      | Reached XP level 8. HP: 41/41 MP: 10/17
  5644 | D:6      | Learned a level 5 spell: Iskenderun's Battlesphere
  5853 | D:5      | Noticed Grinder
  5854 | D:5      | Noticed Edmund
  6144 | D:4      | Killed ribblle's ghost
  6144 | D:4      | Reached skill level 1 in Charms
  6915 | D:6      | Reached * piety under Vehumet
  6915 | D:6      | Offered knowledge of Freeze by Vehumet.
  7084 | D:6      | Reached skill level 10 in Conjurations
  7496 | D:6      | Reached skill level 5 in Dodging
  7500 | D:6      | Reached skill level 1 in Fighting
  7500 | D:6      | Reached XP level 9. HP: 42/47 MP: 10/19
  7699 | D:5      | Killed Grinder
  8001 | D:5      | Killed mad's ghost
  8219 | D:5      | Killed Edmund
  8677 | D:5      | Found a shattered altar of Ashenzari.
  9024 | D:5      | Reached skill level 1 in Shields
  9121 | D:7      | Found a bloodstained altar of Trog.
  9123 | D:7      | Found a basalt altar of Yredelemnul.
  9386 | D:7      | Reached skill level 5 in Fighting
  9733 | D:7      | Reached ** piety under Vehumet
  9733 | D:7      | Reached skill level 11 in Conjurations
  9911 | D:7      | Reached XP level 10. HP: 59/59 MP: 3/20
 10255 | D:7      | Offered knowledge of Sting by Vehumet.
 10904 | D:8      | Reached skill level 12 in Conjurations
 12097 | D:8      | Offered knowledge of Stone Arrow by Vehumet.
 12603 | D:8      | Reached *** piety under Vehumet
 12650 | D:8      | Noticed Grum
 12653 | D:8      | Killed Grum
 12854 | D:8      | Reached skill level 13 in Conjurations
 13156 | D:9      | Reached XP level 11. HP: 53/63 MP: 12/22
 13161 | D:9      | Offered knowledge of Airstrike by Vehumet.
 13169 | D:8      | Learned a level 4 spell: Airstrike
 13408 | D:9      | Reached skill level 1 in Air Magic
 13513 | D:9      | Learned a level 5 spell: Fireball
 14082 | D:9      | Found an oddly glowing altar of Pakellas.
 14216 | D:10     | Entered Level 10 of the Dungeon
 14427 | D:10     | Noticed Joseph
 14508 | D:10     | Noticed Snorg
 14569 | D:10     | Reached **** piety under Vehumet
 14970 | D:10     | Noticed Nergalle
 15443 | D:11     | Found an oddly glowing altar of Pakellas.
 15616 | D:11     | Reached skill level 5 in Stealth
 15744 | D:11     | Noticed a cyclops
 15755 | D:11     | Killed a cyclops
 15759 | D:11     | Reached skill level 5 in Air Magic
 15788 | D:11     | Noticed a manticore
 15927 | D:11     | Offered knowledge of Bolt of Magma by Vehumet.
 16203 | D:11     | Noticed a cyclops
 16210 | D:11     | Killed a manticore
 16222 | D:11     | Killed a cyclops
 16678 | D:11     | Reached skill level 1 in Fire Magic
 16766 | D:11     | Noticed a cyclops
 16886 | D:11     | Killed a cyclops
 17431 | D:12     | Noticed Arglure's ghost (journeyman TeCj)
 17594 | D:12     | Reached XP level 12. HP: 68/68 MP: 7/23
 18246 | D:11     | Reached skill level 10 in Dodging
 18321 | D:11     | Reached skill level 5 in Fire Magic
 18429 | D:10     | Killed Joseph
 18556 | D:10     | Found a staircase to the Lair.
 18564 | Lair:1   | Entered Level 1 of the Lair of Beasts
 19081 | Lair:1   | Found a snail-covered altar of Cheibriados.
 19089 | Lair:1   | Got a translucent short sword
 19090 | Lair:1   | Identified the +3 short sword of Corporal Punishment {antimagic, rPois Int-2 SInv Stlth+} (You found it on level 1 of the Lair of Beasts)
 19275 | Lair:1   | Reached ***** piety under Vehumet
 19277 | Lair:1   | Offered knowledge of Sticky Flame by Vehumet.
 20199 | Lair:2   | Noticed Fannar
 20604 | Lair:1   | HP: 3/68 [poisoned by a spiny frog]
 20609 | Lair:1   | HP: 2/68 [poisoned by a spiny frog]
 20616 | Lair:1   | HP: 2/68 [poisoned by a spiny frog]
 20624 | Lair:1   | HP: 1/68 [poisoned by a spiny frog]
 20955 | Lair:2   | Killed Fannar
 20955 | Lair:2   | Reached skill level 14 in Conjurations
 21084 | Lair:2   | Got a scorched rapier
 21085 | Lair:2   | Identified the cursed +0 rapier "Funk" {pierce, +Inv rC+ MR+ Dex-5} (You found it on level 2 of the Lair of Beasts)
 21669 | Lair:2   | Noticed Harold
 21676 | Lair:2   | Killed Harold
 23032 | Lair:3   | Noticed a six-headed hydra
 23034 | Lair:3   | Killed a six-headed hydra
 23191 | Lair:3   | Noticed Gastronok
 23215 | Lair:3   | Killed Gastronok
 23215 | Lair:3   | Reached skill level 1 in Armour
 23215 | Lair:3   | Reached XP level 13. HP: 72/72 MP: 5/26
 23440 | Lair:3   | Noticed Rupert
 23449 | Lair:3   | Paralysed by Rupert for 2 turns
 24504 | Lair:4   | Found an ancient bone altar of Kikubaaqudgha.
 24602 | Lair:4   | Reached skill level 15 in Conjurations
 26221 | Lair:4   | Reached skill level 5 in Armour
 26512 | Lair:4   | Found a staircase to the Shoals.
 27803 | Lair:6   | Reached skill level 10 in Spellcasting
 27958 | Lair:6   | Found a dark tunnel.
 27965 | Volcano  | Entered a volcano
 28231 | Volcano  | Reached skill level 16 in Conjurations
 28697 | Lair:6   | Gained mutation: You can fly continuously. [Tengu growth]
 28697 | Lair:6   | Reached XP level 14. HP: 78/78 MP: 29/29
 29427 | Lair:6   | Found a staircase to the Snake Pit.
 30519 | Lair:7   | Offered knowledge of Freezing Cloud by Vehumet.
 30527 | Lair:7   | Learned a level 6 spell: Freezing Cloud
 30601 | Lair:7   | Found a runed door.
 30604 | Lair:7   | Found a viscous altar of Jiyva.
 30604 | Lair:7   | Found a staircase to the Slime Pits.
 31359 | Lair:7   | Gained mutation: You have an increased reservoir of magic (+10% MP). [potion of beneficial mutation]
 31548 | Lair:8   | Entered Level 8 of the Lair of Beasts
 32040 | Lair:8   | Got an ivory long sword
 32047 | Lair:8   | Identified the +8 long sword of Moyriy {venom, Int+3} (You found it on level 8 of the Lair of Beasts)
 33333 | Lair:8   | Reached skill level 17 in Conjurations
 33564 | Lair:8   | Offered knowledge of Conjure Ball Lightning by Vehumet.
 34714 | Lair:1   | Reached XP level 15. HP: 49/82 MP: 12/34
 35059 | D:10     | Killed Nergalle
 35311 | D:10     | Killed Snorg
 35660 | D:2      | Noticed Crazy Yiuf
 35662 | D:2      | Killed Crazy Yiuf
 35777 | D:6      | Reached skill level 10 in Air Magic
 36280 | D:13     | Found a gate to the Vaults.
 36283 | D:13     | Noticed edsrzf's ghost (journeyman TeFE)
 36903 | D:12     | Found a staircase to the Orcish Mines.
 37125 | D:12     | Got a pair of scorched gloves
 37136 | D:12     | Identified the cursed +0 pair of gloves of Tuulyb {rN+} (You found it on level 12 of the Dungeon)
 37550 | D:12     | Killed Arglure's ghost
 37629 | Orc:1    | Entered Level 1 of the Orcish Mines
 37634 | Orc:1    | Offered knowledge of Iron Shot by Vehumet.
 38049 | Orc:1    | Found Jaheomak's Distillery.
 38198 | Orc:1    | Found a roughly hewn altar of Beogh.
 38526 | D:12     | Reached skill level 18 in Conjurations
 38676 | Orc:2    | Entered Level 2 of the Orcish Mines
 39451 | Orc:2    | Found a roughly hewn altar of Beogh.
 39651 | Orc:2    | Found Saenoemi's Weapon Shoppe.
 39715 | Orc:2    | Found Fono's Book Boutique.
 40156 | Orc:2    | Noticed an orc warlord
 40314 | Orc:2    | Found Ywom's Book Boutique.
 40314 | Orc:2    | Found Watyti Asusa's Assorted Antiques.
 40402 | Orc:2    | Bought a book of Minor Magic for 280 gold pieces
 40406 | Orc:2    | Learned a level 2 spell: Blink
 40409 | Orc:2    | Learned a level 2 spell: Repel Missiles
 40418 | Orc:2    | Bought a jewelled leather armour for 196 gold pieces
 40434 | Orc:2    | Identified the cursed +1 leather armour of Good Intentions {Str+6 Int-5} (You bought it in a shop on level 2 of the Orcish Mines)
 40586 | Orc:2    | Found a roughly hewn altar of Beogh.
 40723 | Orc:2    | Found a staircase to the Elven Halls.
 40842 | Orc:2    | Offered knowledge of Spellforged Servitor by Vehumet.
 40895 | Orc:2    | Killed an orc warlord
 41973 | D:13     | Found Buzydy's Assorted Antiques.
 43166 | D:13     | Killed edsrzf's ghost
 43345 | D:14     | Noticed Sonja
 43348 | D:14     | Killed Sonja
 43348 | D:14     | Reached XP level 16. HP: 87/87 MP: 31/36
 43639 | D:14     | Offered knowledge of Ozocubu's Refrigeration by Vehumet.
 43639 | D:14     | Reached skill level 1 in Translocations
 43874 | D:14     | Noticed Josephine
 43876 | D:14     | Killed Josephine
 43876 | D:14     | Reached skill level 19 in Conjurations
 44755 | D:15     | Entered Level 15 of the Dungeon
 44984 | D:15     | Got a pitted leather armour
 44995 | D:15     | Identified the +1 leather armour "Wigan" {MR- Regen+ MP+9} (You found it on level 15 of the Dungeon)
 45274 | D:15     | Found a staircase to the Depths.
 45590 | D:15     | Found a shadowy altar of Dithmenos.
 48906 | Lair:8   | Offered knowledge of Poisonous Cloud by Vehumet.
 49853 | Snake:1  | Entered Level 1 of the Snake Pit
 50416 | Snake:1  | Reached XP level 17. HP: 95/95 MP: 32/38
 51373 | Snake:1  | Found Amotudis's General Store.
 51391 | Snake:1  | Bought the +1 cloak "Venudig" {Str+7 SInv} for 531 gold pieces
 51939 | Snake:2  | Found a radiant altar of Vehumet.
 53074 | Snake:2  | Reached skill level 20 in Conjurations
 53214 | Snake:2  | Got a dazzling ring mail
 53365 | Snake:2  | Identified the cursed +1 ring mail of Xeemagi {rN+ Str+2 Dex+4} (You found it on level 2 of the Snake Pit)
 53565 | Snake:3  | Noticed Agnes
 53568 | Snake:3  | Killed Agnes
 53745 | Snake:3  | Noticed Aizul
 53753 | Snake:3  | Killed Aizul
 55311 | Snake:3  | Noticed Mara
 55369 | Snake:2  | Reached ****** piety under Vehumet
 55487 | Snake:3  | Noticed aurelian's illusion
 55496 | Snake:3  | HP: 4/99 [aurelian's illusion/the air[Mara] (32)]
 55507 | Snake:3  | Noticed aurelian's illusion
 55540 | Snake:4  | Entered Level 4 of the Snake Pit
 56026 | Shoals:1 | Entered Level 1 of the Shoals
 56144 | Lair:4   | Reached skill level 15 in Air Magic
 56639 | Shoals:1 | Offered knowledge of Lehudib's Crystal Spear by Vehumet.
 56639 | Shoals:1 | Offered knowledge of Fire Storm by Vehumet.
 56639 | Shoals:1 | Offered knowledge of Tornado by Vehumet.
 56782 | Shoals:1 | Reached XP level 18. HP: 104/104 MP: 14/40
 61716 | Shoals:4 | Entered Level 4 of the Shoals
 61716 | Shoals:4 | Found a flickering gateway to a bazaar.
 61725 | Bazaar   | Entered a bazaar
 61725 | Bazaar   | Found Yfav's Antique Weapon Boutique.
 61725 | Bazaar   | Found Odwuf's Antique Weapon Boutique.
 61833 | Bazaar   | Found Asicecle's Book Shop.
 61882 | Bazaar   | Found Fuyschudgh's Weapon Boutique.
 61939 | Bazaar   | Bought a book of Enchantments for 750 gold pieces
 61939 | Bazaar   | Bought a book of Power for 675 gold pieces
 61939 | Bazaar   | Bought a book of Necromancy for 450 gold pieces
 61961 | Bazaar   | Learned a level 7 spell: Orb of Destruction
 62953 | Shoals:4 | HP: 4/106 [water nymph/the raging water (30)]
 62957 | Shoals:4 | Hit by a tomahawk thrown by a merfolk

Vault maps used:
D:1:      roderic_crop_circles_arrival_large
D:2:      minmay_crystal_water, uniq_crazy_yiuf_cottage, uniq_iyjb
D:3:      minmay_curled_crystal
D:4:      minmay_temple_entry_crystal_x
D:5:      first_bread, evilmike_ruin_ashenzari, uniq_grinder, uniq_sigmund,
          uniq_edmund
D:6:      kiku_gazebo_garden_becter, xom_teletrap_fun
D:7:      grunt_temple_overflow_open, grunt_ogre_cave
D:8:      serial_undead, serial_undead_b, serial_undead_b, serial_undead_f,
          serial_undead_a, uniq_grum
D:9:      johnstein_pakellas_dig
D:10:     minmay_lair_entry_lava, uniq_nergalle, uniq_joseph, uniq_snorg
D:11:     basic_altar
D:12:     zombieorc1_lemuel
D:13:     lightli_vaults_fourway_checkpoint, serial_shops, shop,
          nicolae_underground_beach
D:14:     minmay_misc_feat_more_columns, uniq_josephine, uniq_sonja
D:15:     grunt_enter_depths_giant_problem, grunt_dithmenos_shadows
Temple:   lightli_temple_of_artemis
Lair:1:   basic_altar, grunt_megastairs_1, infiniplex_staircase_pool_2,
          lemuel_fruit_tree
Lair:2:   fungi_pond_lemuel, grunt_megastairs_4, serial_bayou_shore_b,
          uniq_harold, uniq_fannar
Lair:3:   st_stairs_10, uniq_rupert, uniq_gastronok
Lair:4:   minmay_shoals_entry_hut, basic_altar, lemuel_old_faithful
Lair:5:   lemuel_fruit_fields
Lair:6:   minmay_snake_entry_guardpost_medium, enter_volcano_4,
          grunt_megastairs_5
Lair:7:   slime_altar_2
Lair:8:   minmay_lair_end_enchanted_forest, lemuel_fruit_fields,
          serial_bayou_shore_a
Shoals:2: yaktaur_hedge
Shoals:4: shoals_end_simple, shoals_ilsuiw_ice, serial_shops, bzr_in_the_mist
Snake:1:  serial_curves, eino_curves_02, eino_curves_01, serial_shops,
          shop_fountains, st_stairs_14
Snake:2:  basic_altar, grunt_megastairs_3
Snake:3:  uniq_agnes, uniq_aizul, uniq_mara
Snake:4:  minmay_snake_end_coiled, st_stairs_2
Orc:1:    basic_altar, serial_shops, shop
Orc:2:    st_orc_town, basic_altar
Bazaar:   bazaar_jpeg_ribbon
Volcano:  volcano_bunker

Skill      XL: |  1  2  3  4  5  6  7  8  9 10 11 12 13 14 15 16 17 18 |
---------------+-------------------------------------------------------+-----
Stealth        | 3 4 5 8 |  8.3
Conjurations   | 6 7 9 10 11 13 14 16 17 18 19 20 | 20.9
Spellcasting   | 3 4 5 6 7 8 10 11 12 13 14 | 14.5
Dodging        | 3 5 6 9 10 11 12 | 12.9
Charms         | 2 4 |  4.0
Fighting       | 1 5 6 8 9 |  9.6
Shields        | 2 4 |  4.0
Air Magic      | 6 9 12 13 15 | 15.7
Fire Magic     | 4 6 |  6.0
Armour         | 1 6 8 |  8.7
Translocations | 2 |  2.0

Action                   |  1- 3 |  4- 6 |  7- 9 | 10-12 | 13-15 | 16-18 || total
-------------------------+-------+-------+-------+-------+-------+-------++-------
Melee: Spear             |     7 |     5 |    13 |     5 |     5 |       ||    35
       Peck              |     1 |     1 |     6 |     1 |     6 |     1 ||    16
       Kick              |     1 |     1 |     4 |       |    16 |     1 ||    23
       War axe           |       |       |     5 |       |       |       ||     5
       Long sword        |       |       |       |       |    26 |     5 ||    31
 Cast: Magic Dart        |    53 |    98 |   191 |   454 |   498 |    78 ||  1372
       Searing Ray       |     2 |     7 |    42 |    83 |   152 |     8 ||   294
       Dazzling Spray    |       |     1 |     5 |    15 |     6 |     1 ||    28
       Iskenderun's Batt |       |       |     6 |   106 |   245 |   226 ||   583
       Iskenderun's Myst |       |       |    15 |    41 |   173 |   436 ||   665
       Fireball          |       |       |       |     7 |    13 |    19 ||    39
       Freezing Cloud    |       |       |       |       |   117 |   164 ||   281
       Airstrike         |       |       |       |       |     4 |   117 ||   121
       Repel Missiles    |       |       |       |       |     2 |     4 ||     6
       Blink             |       |       |       |       |     1 |    19 ||    20
       Orb of Destructio |       |       |       |       |       |     5 ||     5
 Abil: Fly               |       |       |       |       |       |     2 ||     2
       Stop Flying       |       |       |       |       |       |     1 ||     1
Evoke: Wand              |       |       |     1 |       |       |       ||     1
  Use: Scroll            |       |       |     5 |    31 |    12 |     8 ||    56
       Potion            |       |       |     1 |     1 |     6 |    14 ||    22
 Stab: Sleeping          |       |       |       |       |     1 |       ||     1
  Eat: Chunk             |     2 |     8 |    20 |    75 |   143 |    96 ||   344
       Pizza             |       |       |     1 |       |       |     1 ||     2
       Fruit             |       |       |     1 |     3 |       |     3 ||     7
       Meat ration       |       |       |       |       |       |     1 ||     1
       Bread ration      |       |       |       |       |       |     1 ||     1
       Beef jerky        |       |       |       |       |       |     1 ||     1
Armor: Robe              |     4 |     4 |    10 |    20 |    36 |       ||    74
       Ring mail         |       |       |       |       |    30 |    85 ||   115
Dodge: Dodged            |     7 |    13 |    57 |   164 |   210 |   298 ||   749
       Deflected         |       |       |       |       |     2 |    16 ||    18
Block: Buckler           |       |       |       |    50 |    60 |   100 ||   210
